Map: [ESL] Royal Blood

Players

PiG - Winner!

  • Race: Zerg Zerg
  • League: Master
  • Spawn Location: 7:00

affenbrot

  • Race: Terran Terran
  • Spawn Location: 1:00

VOD

Have the link to the VOD?

Description

Time

  • Played on: April 18, 2023, 7:52 p.m.
  • Length: 24:15
Show
View Real Time Build Order
Export as new Build Order

PiG Zerg - Winner!

Build Orders: Hatch First 

Get SALT Encoding   

  12  0:01  Drone  
  13  0:12  Overlord  
  13  0:18  Drone  
  14  0:31  Drone x2  
  16  0:37  Drone  
  17  0:49  Drone  
  18  1:00  Hatchery  
  18  1:02  Drone  
  18  1:07  Drone  
  19  1:18  Extractor  
  18  1:21  Spawning Pool  
  18  1:24  Drone  
  18  1:31  Drone  
  19  1:39  Drone  
  20  1:57  Overlord  
  20  2:10  Queen  
  20  2:12  Queen  
  20  2:13  Zergling x2  
  20  2:14  Zergling x4  
  27  2:24  Drone x2  
  29  2:37  Metabolic Boost  
  29  2:39  Drone  
  29  2:40  Drone  
  30  2:46  Drone  
  31  2:56  Hatchery  
  30  3:02  Drone  
  30  3:04  Overlord  
  31  3:07  Drone x3  
  34  3:22  Queen  
  36  3:31  Drone x7  
  43  3:50  Overlord  
  42  3:56  Zergling x2  
  43  4:07  Queen x2  
  47  4:11  Zergling x6  
  47  4:12  Zergling x8  
  54  4:33  Overlord x2  
  54  4:34  Overlord x3  
  54  4:35  Overlord x2  
  54  4:49  Extractor  
  54  4:50  Baneling Nest  
  54  4:51  Queen  
  54  4:53  Lair  
  54  4:54  Drone x10, Evolution Chamber  
  54  4:56  Evolution Chamber  
  56  5:08  Zergling x14  
  62  5:19  Drone x6  
  66  5:32  Queen  
  68  5:40  Spore Crawler  
  68  5:42  Spore Crawler  
  66  5:46  Queen  
  68  5:53  Spore Crawler  
  68  5:56  Spore Crawler  
  66  6:01  Drone x17  
  74  6:11  Queen  
  76  6:21  Spire  
  76  6:22  Extractor  
  76  6:23  Extractor  
  76  6:24  Baneling  
  72  6:26  Queen  
  74  6:44  Drone x14  
  86  7:03  Zerg Ground Armor Level 1, Zerg Melee Weapons Level 1  
  84  7:14  Drone  
  84  7:15  Drone x10  
  89  7:29  Drone x2, Overlord  
  91  7:30  Overlord x2  
  91  7:31  Hatchery  
  91  7:32  Hatchery  
  87  7:42  Extractor x2  
  87  7:44  Overseer  
  85  7:47  Zergling x14  
  92  7:56  Hatchery x2  
  90  7:58  Zergling x8  
  90  7:59  Zergling x6  
  90  8:00  Overlord  
  97  8:18  Drone x3  
  97  8:19  Drone x3  
  103  8:25  Centrifugal Hooks  
  103  8:31  Queen  
  101  8:41  Drone  
  101  8:43  Corruptor x7  
  115  8:49  Corruptor  
  117  8:59  Zerg Missile Weapons Level 1  
  117  9:00  Roach Warren  
  116  9:04  Zerg Melee Weapons Level 2  
  116  9:23  Zergling x28  
  116  9:24  Zergling x10  
  130  9:46  Roach x12  
  130  9:48  Overlord x2  
  130  9:51  Glial Reconstitution  
  154  9:54  Overlord x2  
  154  9:55  Overlord  
  154  9:56  Overlord x2  
  154  10:00  Baneling x8  
  154  10:21  Baneling x13  
  153  10:22  Baneling x2, Zergling x36  
  168  10:46  Zergling x40  
  168  10:48  Baneling x4  
  168  10:49  Baneling  
  188  10:50  Baneling  
  188  10:51  Baneling x2  
  180  11:12  Baneling x15  
  180  11:13  Baneling x5  
  175  11:27  Zergling x10  
  175  11:28  Zergling x30  
  167  11:37  Roach x5  
  144  12:12  Drone x12  
  156  12:22  Extractor, Baneling x8  
  155  12:25  Extractor  
  155  12:29  Zergling x38  
  173  12:33  Extractor  
  172  12:37  Extractor  
  169  12:48  Ravager x11  
  169  12:50  Zergling x28  
  142  13:25  Roach  
  142  13:26  Roach x3, Zergling x48  
  174  13:30  Baneling x10  
  174  13:31  Baneling x14  
  174  13:50  Spore Crawler  
  174  13:52  Spine Crawler  
  174  13:53  Drone x3  
  175  13:56  Drone x3  
  178  14:05  Spore Crawler  
  178  14:06  Spine Crawler  
  174  14:22  Baneling  
  174  14:23  Baneling x13  
  174  14:24  Zergling x24  
  174  14:25  Roach x4, Zergling x10  
  174  14:29  Zerg Missile Weapons Level 2  
  174  14:31  Zerg Ground Armor Level 2  
  198  14:35  Infestation Pit  
  197  14:39  Baneling x8  
  133  15:15  Zergling x26  
  133  15:16  Zergling x32  
  133  15:19  Zergling x2  
  143  15:45  Hatchery  
  142  15:52  Roach x8  
  142  15:53  Roach x3  
  142  15:54  Zergling x10  
  169  16:00  Ravager x3  
  169  16:01  Ravager  
  169  16:02  Baneling x8  
  169  16:03  Baneling x4  
  169  16:04  Baneling x2  
  173  16:05  Baneling  
  171  16:32  Baneling x8  
  171  16:36  Overseer  
  168  16:44  Zergling x52  
  168  16:46  Baneling x12  
  194  16:52  Baneling x11  
  194  16:53  Baneling x4  
  192  17:10  Zergling x2  
  164  17:40  Hatchery  
  114  18:09  Roach x9, Zergling x18  
  114  18:10  Zergling x38  
  160  18:34  Swarm Host x13  
  199  18:52  Baneling x24  
  199  18:53  Baneling x9  
  199  19:06  Baneling x8  
  146  20:08  Roach x10, Zergling x68  
  200  20:18  Spore Crawler  
  200  20:19  Spine Crawler  
  200  20:21  Drone x2  
  200  20:23  Spine Crawler  
  200  20:25  Spore Crawler  
  198  20:36  Baneling x28  
  198  20:37  Baneling x9  
  198  20:43  Baneling x10  
  134  22:23  Zergling x22  
  134  22:24  Roach x26, Zergling x8  
  134  22:25  Zergling x6  
  199  22:50  Baneling x22  
  199  22:51  Baneling x14  
  196  23:34  Zergling x48  
Show
View Real Time Build Order
Export as new Build Order

affenbrot Terran 

Build Orders: Gas First Reaper Expand, Mech 

Get SALT Encoding   

  12  0:00  SCV  
  13  0:12  SCV  
  14  0:18  Supply Depot  
  14  0:24  SCV  
  15  0:30  Refinery  
  15  0:43  Barracks  
  15  0:46  SCV  
  16  0:59  SCV  
  17  1:11  SCV  
  18  1:29  Orbital Command  
  18  1:30  Reaper  
  19  1:44  Bunker  
  19  1:54  Command Center  
  19  1:58  SCV  
  20  2:09  Factory  
  20  2:12  Barracks Reactor  
  20  2:14  SCV  
  21  2:24  Supply Depot  
  21  2:45  SCV  
  21  2:47  Refinery  
  21  3:02  SCV  
  22  3:08  Orbital Command  
  22  3:09  Starport  
  22  3:10  Hellion x2  
  26  3:14  SCV  
  27  3:26  SCV  
  28  3:29  Barracks Tech Lab  
  28  3:32  Hellion x2  
  32  3:38  SCV  
  32  3:39  SCV  
  34  3:45  Supply Depot  
  34  3:48  Marine  
  34  3:50  Fusion Core, SCV  
  36  4:01  Hellion x2  
  40  4:07  Marine  
  41  4:10  SCV x2  
  41  4:16  Refinery  
  43  4:22  SCV  
  43  4:23  SCV  
  45  4:34  SCV  
  45  4:35  SCV  
  47  4:38  Command Center  
  47  4:44  Hellion  
  47  4:45  Armory  
  49  4:47  SCV x2  
  49  4:50  Hellion  
  38  5:17  Battlecruiser  
  43  5:26  SCV x2  
  45  5:31  Supply Depot  
  45  5:38  Hellion x2, SCV  
  50  5:47  Barracks Tech Lab  
  50  5:49  Factory  
  50  5:54  SCV x3  
  50  6:06  SCV  
  45  6:16  Hellion  
  45  6:17  Hellion  
  45  6:30  Battlecruiser  
  51  6:33  SCV x2  
  51  6:34  Orbital Command  
  53  6:45  Weapon Refit, SCV  
  54  6:50  SCV  
  55  6:57  SCV  
  55  7:01  Hellion x2  
  60  7:02  SCV  
  60  7:03  SCV  
  60  7:09  SCV  
  60  7:14  SCV  
  56  7:24  SCV x2  
  56  7:25  Factory  
  56  7:26  SCV  
  56  7:29  Refinery  
  59  7:36  SCV, Supply Depot  
  59  7:37  SCV  
  59  7:43  Siege Tank  
  62  7:44  Infernal Pre-Igniter  
  62  7:50  Orbital Command  
  62  7:53  SCV x2  
  62  7:57  Barracks Tech Lab  
  65  8:01  Supply Depot  
  65  8:04  Hellion x2  
  65  8:05  SCV  
  69  8:12  Factory Tech Lab  
  69  8:16  Siege Tank  
  72  8:22  SCV x3  
  72  8:25  Hellion  
  72  8:26  Hellion  
  79  8:32  Battlecruiser  
  85  8:34  SCV x2  
  87  8:43  Command Center  
  87  8:47  Supply Depot x2  
  87  8:53  Cyclone x2  
  87  8:54  Hellion  
  87  8:55  Hellion  
  97  9:16  Hellion x2  
  101  9:20  Refinery  
  97  9:25  Siege Tank x2  
  97  9:30  Engineering Bay  
  103  9:37  Hellion  
  105  9:43  Terran Vehicle Weapons Level 1  
  105  9:47  Refinery  
  105  9:50  SCV x3  
  108  9:57  Armory  
  108  10:02  SCV x3  
  108  10:04  Factory, Siege Tank  
  108  10:05  Hellion x3  
  108  10:06  Factory  
  121  10:14  SCV x3  
  121  10:17  Command Center  
  123  10:26  Hellion, SCV x3  
  123  10:27  Hellion x2, SCV, Refinery  
  129  10:37  Hellion  
  129  10:38  SCV x3  
  134  10:46  Missile Turret  
  134  10:48  Hellion x2  
  134  10:49  Missile Turret  
  138  10:50  Missile Turret  
  138  10:56  Missile Turret  
  132  11:06  Supply Depot  
  132  11:07  Supply Depot  
  126  11:23  Mag-Field Accelerator  
  125  11:26  Siege Tank  
  125  11:27  Hellion, Siege Tank  
  127  11:36  Battlecruiser  
  127  11:39  Factory Tech Lab x2  
  132  11:58  Thor  
  132  12:00  Thor  
  131  12:17  Supply Depot  
  131  12:18  Supply Depot  
  131  12:19  Supply Depot  
  131  12:20  Supply Depot  
  131  12:22  SCV x3  
  135  12:26  Command Center, Planetary Fortress  
  135  12:34  SCV x3  
  137  12:38  Thor  
  137  12:39  Thor  
  141  13:08  Command Center  
  121  13:14  Siege Tank x2  
  121  13:16  Hellion x2  
  129  13:21  Siege Tank  
  129  13:22  Siege Tank  
  135  13:37  Hellion x2  
  135  13:40  Planetary Fortress  
  139  13:45  Refinery  
  139  13:46  Siege Tank, Refinery  
  139  13:47  Hellion  
  144  14:18  SCV x5  
  152  14:24  Siege Tank x4, Supply Depot  
  152  14:25  Hellion, Supply Depot  
  152  14:30  SCV x2  
  165  14:46  Refinery x2  
  165  14:53  Sensor Tower  
  165  14:56  SCV x5  
  126  15:14  Siege Tank x4  
  126  15:15  Hellion x2  
  134  15:21  Refinery  
  130  15:28  Command Center  
  130  15:35  Planetary Fortress  
  130  15:37  Hellion x2  
  134  16:14  Siege Tank x3, Thor  
  149  16:27  Sensor Tower  
  149  16:32  Refinery  
  149  16:33  Sensor Tower  
  149  16:43  Planetary Fortress  
  149  17:03  Thor x2  
  161  17:18  SCV x2  
  161  17:19  SCV x3  
  166  17:30  Cyclone, SCV  
  166  17:31  SCV  
  115  18:02  Siege Tank  
  115  18:03  Siege Tank x3  
  127  18:36  SCV x4  
  127  18:38  Refinery  
  131  18:41  Siege Tank x2  
  131  18:42  Siege Tank x2  
  131  18:44  Planetary Fortress  
  131  18:48  SCV x3  
  146  19:07  Hellion x2  
  150  19:14  Hellion x2, Cyclone x2  
  160  19:23  Command Center  
  160  19:35  Cyclone  
  120  19:42  Command Center  
  119  19:47  Command Center  
  109  20:07  SCV  
  109  20:08  SCV x3  
  113  20:16  Hellion  
  113  20:17  Hellion  
  117  20:38  Siege Tank x3  
  117  20:39  Siege Tank  
  114  21:05  Planetary Fortress  
  114  21:10  Siege Tank x2, SCV x5  
  125  21:22  SCV x3  
  128  21:37  Siege Tank x2  
  121  22:11  Siege Tank x3  
  121  22:12  Siege Tank  
  119  22:31  Hellion  
  121  22:43  Siege Tank x3  
  130  22:47  Hellion  
  125  23:23  Refinery  
Tags
 
Add a new tag
Caveats
  • Supply blocks, unpowered buildings, or Contaminate may cause inaccurate times.
  • Supply counts are checked every 10 seconds.